 Dungeon Crawl Stone Soup version 0.19-a0-1051-gdb7e7f8 (webtiles) character file.

87 Jmtri7 the Changer (level 4, 0/28 HPs)
             Began as an Octopode Transmuter on Aug 2, 2016.
             Slain by a gnoll
             ... wielding a +0 flail of protection
              (9 damage)
             ... on level 2 of the Dungeon.
             The game lasted 00:05:33 (1693 turns).

Jmtri7 the Changer (Octopode Transmuter)            Turns: 1693, Time: 00:05:33

Health: 0/28       AC:  1    Str: 10    XL:     4   Next: 51%
Magic:  5/7        EV: 13    Int: 15    God:
Gold:   70         SH:  0    Dex: 12    Spells: 2 memorised, 3 levels left

rFire  . . .     SeeInvis .       - Unarmed
rCold  . . .     Gourm    .     (no shield)
rNeg   . . .     Faith    .     (helmet restricted)
rPois  .         Spirit   .     (no amulet)
rElec  .         Dismiss  .     (no ring)
rCorr  .         Reflect  .     (no ring)
SustAt .         Harm     .     (no ring)
MR     .....                    (no ring)
Stlth  ++........               (no ring)
                                (no ring)
                                (no ring)
                                (no ring)

@: not resistant to hostile enchantments, unstealthy
A: almost no armour, amphibious, 8 rings, constrict 8, camouflage 1, gelatinous
body 1
a: no special abilities


You were on level 2 of the Dungeon.
You were not hungry.

You visited 1 branch of the dungeon, and saw 2 of its levels.

You collected 70 gold pieces.

Inventory:

Missiles
 a - 12 arrows
Scrolls
 f - a scroll of remove curse {unknown}
 h - 3 scrolls of identify {unknown}
 l - a scroll of teleportation {unknown}
Potions
 e - a potion of agility {unknown}
 g - 2 potions of haste {unknown}
 i - a potion of degeneration {unknown}
 k - a potion of curing {unknown}
Books
 b - a book of Changes

   Spells                             Type                      Level
   a - Beastly Appendage              Transmutation                1
   b - Sticks to Snakes               Transmutation                2
   c - Spider Form                    Transmutation/Poison         3
   d - Ice Form                       Ice/Transmutation            4
   e - Blade Hands                    Transmutation                5
Comestibles
 c - 2 bread rations
 d - a meat ration
 j - a slice of pizza
 m - a chunk of flesh


   Skills:
 - Level 1.0 Fighting
 - Level 2.0 Dodging
 - Level 3.0 Unarmed Combat
 - Level 2.0 Spellcasting
 + Level 4.6 Transmutations


You had 3 spell levels left.
You knew the following spells:

 Your Spells              Type           Power        Failure   Level  Hunger
a - Beastly Appendage     Tmut           ###...       3%          1    #......
b - Spider Form           Tmut/Pois      #.........   30%         3    ###....


Dungeon Overview and Level Annotations

Branches:
Dungeon (2/15)

Altars:
Hepliaklqana
Trog
The Shining One


Innate Abilities, Weirdness & Mutations

You cannot wear most types of armour.
You are amphibious.
You can wear up to eight rings at the same time.
You can use your tentacles to constrict eight enemies at once.
Your skin changes colour to match your surroundings (Stealth+).
Your rubbery body absorbs attacks. (AC +1, EV +1)


Message History

Casting: Spider Form
Confirm with . or Enter, or press ? or * to list all spells.
You turn into a venomous arachnid creature.
You lose your grip on the gnoll.
The gnoll shouts!
The gnoll hits you with a flail!
You hit the gnoll.
The gnoll is poisoned.
The gnoll is almost dead.
You hit the gnoll.
The gnoll looks as sick as possible!
The gnoll is almost dead.
Your transformation is almost over.
You kill the gnoll!
You hit the gnoll.
The gnoll is poisoned.
The gnoll is heavily wounded.
The gnoll hits you.
You bite the gnoll!
You kill the gnoll!
Your transformation has ended.
The gnoll hits you with a flail of protection!
You die...

#.# .. #.# #. #.######## #.#
#........# #.#
#.######.####### #.# #.#
#......... #.# #.#
#..######### .#######.###.#
#..#........ ............@##
#..#.####### ...........g†.#
#..#........ ..............#
#..#....###. ..............##
#........... ...............#
#.##....##.. ..........)..#.#
#.##....##..
..).....)....#.###.##....##..
.............#..##.##....##..
..........().##.##.##....##..


You could see a gnoll.

Vanquished Creatures
  2 gnolls (D:2)
  2 adders (D:2)
  A worm (D:2)
  A dart slug (D:2)
  A giant gecko (D:1)
  2 ball pythons
  4 bats (D:1)
  A giant cockroach (D:1)
  6 hobgoblins
  6 jackals (D:1)
  4 kobolds
  7 goblins
  5 rats
42 creatures vanquished.

Notes
Turn   | Place    | Note
-------+----------+-------------------------------------------
     0 | D:1      | Jmtri7 the Octopode Transmuter began the quest for the Orb.
     0 | D:1      | Reached XP level 1. HP: 13/13 MP: 3/3
    99 | D:1      | Reached XP level 2. HP: 12/18 MP: 5/5
   216 | D:1      | Reached skill level 3 in Transmutations
   581 | D:1      | Reached XP level 3. HP: 9/23 MP: 6/6
   824 | D:1      | Learned a level 3 spell: Spider Form
  1064 | D:2      | Found a hazy altar of Hepliaklqana.
  1067 | D:2      | Found a glowing golden altar of the Shining One.
  1080 | D:2      | Found a bloodstained altar of Trog.
  1319 | D:2      | Reached skill level 4 in Transmutations
  1323 | D:2      | Reached XP level 4. HP: 12/28 MP: 3/7
  1693 | D:2      | Slain by a gnoll

Vault maps used:
D:1:      dpeg_arrival_boxorama, minmay_misc_feat_cross
D:2:      grunt_temple_overflow_diamond, first_bread

Skill      XL: |  1  2  3 |
---------------+----------+-----
Transmutations | 3 4 |  4.6
Fighting       | |  1.0
Dodging        | |  2.0
Unarmed Combat | |  3.0
Spellcasting   | |  2.0

Action                   |  1- 3 |  4- 6 || total
-------------------------+-------+-------++-------
Melee: Unarmed           |    83 |    16 ||    99
       Constrict         |    15 |     2 ||    17
       Tentacles         |    10 |       ||    10
 Cast: Spider Form       |     4 |     1 ||     5
 Stab: Sleeping          |     2 |     1 ||     3
  Eat: Chunk             |     1 |     2 ||     3
Armor: Skin              |    14 |     1 ||    15
Dodge: Dodged            |    72 |    19 ||    91
